 Dungeon Crawl Stone Soup version 0.26.1-11-gd32895ea62 (webtiles) character file.

Game seed: 10600063726483733015

1303 Almogavar the Frost Mage (level 8, -8/55 HPs)
             Began as a Merfolk Ice Elementalist on May 13, 2021.
             Mangled by an orc warrior
             ... wielding a +0 flail
              (21 damage)
             ... on level 6 of the Dungeon.
             The game lasted 00:43:03 (7170 turns).

Almogavar the Frost Mage (Merfolk Ice Elementalist) Turns: 7170, Time: 00:43:05

Health: -8/55      AC:  4    Str:  8      XL:     8   Next: 57%
Magic:  3/16       EV: 12    Int: 17      God:
Gold:   405        SH:  0    Dex: 10 (14) Spells: 14/18 levels left

rFire    . . .     SeeInvis .   n - +1 dagger (venom)
rCold    + . .     Faith    .   (no shield)
rNeg     . . .     Spirit   .   v - +0 leather armour
rPois    .         Reflect  .   (no helmet)
rElec    .         Harm     .   u - +0 cloak
rCorr    .         Rampage  .   (no gloves)
Will     .....                  (no boots)
Stlth    ++........             (no amulet)
HPRegen  0.18/turn              o - ring of protection from cold
MPRegen  0.15/turn              (no ring)

@: frozen ramparts
A: change form in water, swift swim, stealthy swim
a: no special abilities


You were on level 6 of the Dungeon.
You visited 1 branch of the dungeon, and saw 6 of its levels.

You collected 405 gold pieces.

Inventory:

Hand Weapons
 n - a +1 dagger of venom (weapon)
Missiles
 b - 251 stones
 l - 2 boomerangs
 m - 24 poisoned darts
 r - 7 curare-tipped darts
 y - 5 boomerangs of dispersal
Armour
 c - a +0 kite shield
 h - a +0 chain mail
 i - a scarf of harm
 q - a +0 ring mail
 t - a +0 ring mail
 u - a +0 cloak (worn)
 v - a +0 leather armour (worn)
 C - a +0 buckler
Jewellery
 o - a ring of protection from cold (left hand)
Wands
 k - a wand of acid (7) (quivered)
Scrolls
 d - 2 scrolls of enchant armour
 f - 3 scrolls of enchant weapon
 g - a scroll of blinking
 j - 2 scrolls of teleportation
 p - a scroll of remove curse {unknown}
 s - a scroll of random uselessness {unknown}
 w - a scroll of magic mapping {unknown}
 A - a scroll of fear {unknown}
 D - a scroll of immolation {unknown}
Potions
 a - a potion of haste {unknown}
 e - a potion of heal wounds
 x - 3 potions of curing {unknown}
 z - a potion of magic {unknown}
 B - 2 potions of cancellation {unknown}
 E - a potion of might {unknown}


   Skills:
 + Level 1.7 Fighting
 - Level 1.9 Short Blades
 + Level 1.7 Throwing
 + Level 1.4 Armour
 + Level 3.8 Dodging
 + Level 3.1 Stealth
 + Level 5.9 Spellcasting
 + Level 8.2 Ice Magic


You had 14 spell levels left.
You knew the following spells:

 Your Spells              Type           Power        Failure   Level
a - Freeze                Ice            100%         1%          1
b - Frozen Ramparts       Ice            66%          1%          3

Your spell library contained the following spells:

 Spells                   Type           Power        Failure   Level
 Ozocubu's Armour         Ice            33%          1%          3
 Hailstorm                Conj/Ice       19%          32%         4
 Summon Ice Beast         Ice/Summ       19%          32%         4


Dungeon Overview and Level Annotations

Branches:
Dungeon (6/15)
 Temple: D:4-7

Altars:
Ashenzari


Message History

The quasit closely misses you. The quasit misses you.
The wall freezes the orc warrior.
The orc warrior hits you with a +0 flail!
* * * LOW HITPOINT WARNING * * *
Casting: Freeze (safe; 1% risk of failure)
Confirm with . or Enter, or press ? or * to list all spells.
Aiming: Freeze (safe; 1% risk of failure)
Press: ? - help, Shift-Dir - straight line, f/p - quasit
Aim: a quasit (heavily wounded)
The quasit resists.
You freeze the quasit.
The quasit is severely wounded.
The quasit bites you.
* * * LOW HITPOINT WARNING * * *
You feel clumsy.
The quasit claws you but does no damage. x2
The quasit barely misses you. The quasit closely misses you.
The quasit claws you but does no damage.
The wall freezes the orc warrior.
The orc warrior hits you with a +0 flail!!
You die...

.o#.o.⌠.##'##.⌠#
o.Y#$..o.....#
###o......).#
#...#.......# ##
#...o..._...+ . ..
#...........# .#
#.####........#####.#
#....#)........#...$#
#..@o)..#+##.⌠#..#
......5)####...###..#
......... ...#....####
.......... ...#.......#
....##..#..#####....<..#
.... ..................#
... .#####.............#
#. . #####.........#
#.........#


You could see an orc warrior and a quasit.

Vanquished Creatures
  A sky beast (D:6)
  4 ogres
  A bullfrog (D:6)
  A water moccasin skeleton (D:5)
  2 hounds
  A centaur skeleton (D:4)
  3 orc priests (D:3)
  A jelly (D:5)
  6 orc wizards
  An iguana (D:6)
  4 worker ants
  A hound zombie (D:5)
  A hound skeleton (D:5)
  A worker ant zombie (D:5)
  7 adders
  2 white imps
  2 ufetubi (D:5)
  3 oozes
  An adder zombie (D:5)
  2 worms
  2 leopard geckos
  13 orcs
  A ball python (D:3)
  10 bats
  9 giant cockroaches
  11 goblins
  4 hobgoblins
  26 jackals
  7 kobolds
  4 quokkas
  4 frilled lizards
  16 rats
152 creatures vanquished.

Notes
Turn   | Place    | Note
-------+----------+-------------------------------------------
     0 | D:1      | Almogavar the Merfolk Ice Elementalist began the quest for
                  | the Orb.
     0 | D:1      | Reached XP level 1. HP: 13/13 MP: 3/3
     1 | D:1      | Found a runed translucent door.
   361 | D:1      | Reached XP level 2. HP: 19/19 MP: 3/5
  1115 | D:1      | Reached XP level 3. HP: 24/24 MP: 4/6
  1265 | D:1      | Reached skill level 5 in Ice Magic
  1692 | D:1      | Reached skill level 1 in Fighting
  1780 | D:2      | Reached XP level 4. HP: 32/32 MP: 5/7
  1851 | D:2      | Learned a level 3 spell: Frozen Ramparts
  2010 | D:2      | Reached skill level 1 in Throwing
  2689 | D:3      | Reached XP level 5. HP: 32/37 MP: 0/10
  2805 | D:3      | Noticed an ogre
  2812 | D:3      | Killed an ogre
  2813 | D:3      | Reached XP level 6. HP: 43/43 MP: 5/11
  3418 | D:3      | Reached skill level 6 in Ice Magic
  4343 | D:4      | Reached XP level 7. HP: 42/48 MP: 9/13
  4879 | D:4      | Reached skill level 5 in Spellcasting
  4879 | D:4      | Reached skill level 7 in Ice Magic
  5278 | D:5      | Entered Level 5 of the Dungeon
  6201 | D:5      | Reached skill level 1 in Short Blades
  6241 | D:5      | Reached XP level 8. HP: 54/54 MP: 8/15
  6413 | D:5      | Reached skill level 1 in Armour
  6973 | D:6      | Found the +9 heavy crossbow "Sniper" {vorpal, Acc+∞ SInv}
  7111 | D:6      | Found a broken altar of Ashenzari.
  7165 | D:6      | Reached skill level 8 in Ice Magic
  7170 | D:6      | Mangled by an orc warrior

Illustrated notes

Levels and vault maps discovered:
D:1:      dpeg_arrival_caged_fury, layout_basic, minmay_small_reverse_x
D:2:      layout_rooms, st_stairs_7, minmay_box_of_dots
D:3:      layout_rooms
D:4:      layout_rooms
D:5:      layout_rooms, serial_bayou_pond_e
D:6:      gammafunk_cloud_chamber, layout_rooms, evilmike_ruin_ashenzari,
          minmay_temple_entry_sparse_star, kennysheep_dice

Skill      XL: |  1  2  3  4  5  6  7  8 |
---------------+-------------------------+-----
Ice Magic      | 5 6 7 8 |  8.2
Fighting       | 1 |  1.7
Throwing       | 1 |  1.7
Dodging        | 3 |  3.8
Spellcasting   | 3 4 5 |  5.9
Stealth        | 3 |  3.1
Short Blades   | 1 |  1.9
Armour         | 1 |  1.4

Action                   |  1- 3 |  4- 6 |  7- 9 || total
-------------------------+-------+-------+-------++-------
Melee: Unarmed           |     1 |     7 |    11 ||    19
       Dagger            |       |       |    95 ||    95
Throw: Stone             |    65 |    36 |       ||   101
       Boomerang         |       |    26 |       ||    26
 Cast: Freeze            |    62 |    86 |   108 ||   256
       Frozen Ramparts   |       |     4 |    10 ||    14
  Use: Scroll            |       |     5 |     1 ||     6
 Stab: Sleeping          |       |     1 |       ||     1
Armor: Robe              |    10 |     6 |     1 ||    17
       Leather armour    |       |       |    50 ||    50
Dodge: Dodged            |    59 |    60 |   141 ||   260
